 Dungeon Crawl Stone Soup version 0.32-a0-450-g080537f31e (webtiles) character file.

Game seed: 7142538136689775126

1638 javelincjr the Fighter (level 8, -1/112 HPs)
             Began as a Mountain Dwarf Monk on Feb 23, 2024.
             Was a Priest of Beogh.
             Slain by Alork the orc apostle
             ... wielding the +6 trident of Res Judicata {spect, *Slow Fly rF+}
              (6 damage)
             ... on level 6 of the Dungeon.
             The game lasted 00:20:05 (5765 turns).

javelincjr the Fighter (Mountain Dwarf Monk)        Turns: 5765, Time: 00:20:06

Health: -1/112     AC: 11    Str: 20    XL:     8   Next: 66%
Magic:  8/8        EV: 13    Int: 10    God:    Beogh [***...]
Gold:   68         SH:  0    Dex: 18    Spells: 7/7 levels left

rFire   . . .        u - +0 war axe (flame)
rCold   . . .        d - orb {light}
rNeg    . . .        p - +3 ring mail
rPois   .            z - +1 helmet "Qint" {rElec rCorr Str+3}
rElec   +            (no cloak)
rCorr   +            (no gloves)
SInv    .            (no boots)
Will    .....        (no amulet) Stlth
                     v - +6 ring of dexterity
HPRegen 0.38/turn    (no ring)
MPRegen 0.11/turn

%: no passive effects
@: berserking (expiring), glowing, very quick
A: runic magic, artefact enchanting
a: Renounce Religion, Smiting


You were on level 6 of the Dungeon.
You worshipped Beogh.
Beogh was most pleased with you.
You visited 1 branch of the dungeon, and saw 6 of its levels.
You also visited: Sewer.

You collected 324 gold pieces.
You spent 256 gold pieces at shops.

Inventory:

Hand Weapons
 a - a +0 hand axe
 l - a +1 dagger of venom
 u - a +0 war axe of flaming (weapon)
 w - a +0 spear
 H - a +3 battleaxe
Missiles
 h - 9 poisoned darts
 j - 5 boomerangs (quivered)
Armour
 b - a +0 robe
 d - an orb of light (worn)
 p - a +3 ring mail (worn)
 z - the +1 helmet "Qint" (worn) {rElec rCorr Str+3}
   (You bought it in a shop on level 4 of the Dungeon)

   Str+3:     It affects your strength (+3).
   rElec:     It insulates you from electricity.
   rCorr:     It protects you from acid and corrosion.
Jewellery
 v - a +6 ring of dexterity (left hand)
Talismans
 o - a serpent talisman
Wands
 s - a wand of polymorph (10)
Scrolls
 c - a scroll of teleportation
 e - a scroll of fear
 f - a scroll of blinking
 i - 4 scrolls of amnesia
 m - a scroll of poison
 n - 3 scrolls of immolation
 y - 3 scrolls of identify
 C - a scroll of revelation
 E - 2 scrolls of vulnerability
 F - a scroll of silence
 G - a scroll of torment
Potions
 g - a potion of resistance
 k - 5 potions of curing
 q - 2 potions of heal wounds
 r - 5 potions of haste
 t - a potion of berserk rage
 x - a potion of cancellation
 A - 2 potions of magic
 B - 2 potions of invisibility
 D - 2 potions of mutation


   Skills:
 * Level 8.3 Fighting
 + Level 6.9 Axes
 + Level 5.1 Armour
 + Level 4.3 Dodging


You had 7 spell levels left.
You didn't know any spells.
Your spell library contained the following spells:

 Spells                   Type           Power      Damage    Failure   Level
 Summon Small Mammal      Summ           0%         N/A       38%         1
 Call Canine Familiar     Summ           0%         N/A       77%         3
 Summon Blazeheart Golem  Fire/Summ      0%         N/A       99%         4


Dungeon Overview and Level Annotations

Branches:
Dungeon (6/15)              Sewer (visited)
 Temple: D:4-7

Altars:
Fedhas
Hepliaklqana
Sif Muna

Shops:
D:1 *   D:4 [


Innate Abilities, Weirdness & Mutations

Your facial features look somewhat orcish.
Your spellcasting is much less encumbered by armour.
You can use scrolls of enchantment on lesser artefacts.


Message History

The wight hits you with a +1 spear of freezing.
The wight freezes you.
You slash the wight! You burn the wight.
You destroy the wight!
Beogh accepts your kill.
Alork hits you with the +6 trident of Res Judicata {spect, *Slow Fly rF+}.
The +6 trident of Res Judicata {spect, *Slow Fly rF+} hits you but does no damage.
A +6 trident of Res Judicata {spect, *Slow Fly rF+} comes into view.
You barely miss Alork.
Alork hits you with the +6 trident of Res Judicata {spect, *Slow Fly rF+}!
The +6 trident of Res Judicata {spect, *Slow Fly rF+} hits you from afar!
You barely miss Alork.
Alork hits you with the +6 trident of Res Judicata {spect, *Slow Fly rF+}!
The +6 trident of Res Judicata {spect, *Slow Fly rF+} hits you from afar.
You completely miss Alork. You hit Alork but do no damage.
Alork hits you with the +6 trident of Res Judicata {spect, *Slow Fly rF+}!
The +6 trident of Res Judicata {spect, *Slow Fly rF+} hits you but does no damage.
You hit Alork but do no damage.
Alork hits you with the +6 trident of Res Judicata {spect, *Slow Fly rF+}!
The +6 trident of Res Judicata {spect, *Slow Fly rF+} hits you from afar.
* * * LOW HITPOINT WARNING * * *
You barely miss Alork.
Alork hits you with the +6 trident of Res Judicata {spect, *Slow Fly rF+}!
* * * LOW HITPOINT WARNING * * *
The +6 trident of Res Judicata {spect, *Slow Fly rF+} hits you from afar!
* * * LOW HITPOINT WARNING * * *
You slash Alork! You burn Alork.
Alork is moderately wounded.
You barely miss Alork.
Alork is moderately wounded.
Alork hits you with the +6 trident of Res Judicata {spect, *Slow Fly rF+}!
* * * LOW HITPOINT WARNING * * *
The +6 trident of Res Judicata {spect, *Slow Fly rF+} barely misses you.
You are too berserk!
You slash Alork! You burn Alork.
Alork is heavily wounded.
Alork hits you with the +6 trident of Res Judicata {spect, *Slow Fly rF+}.
You die...
Beogh appreciates Alork's killing of a heretic priest.

########### #
########.......... #.
....>....########. ##.#
######..########.
#.##...#######...........
#.......@o()....########.
#.##..)########## ##...#.
....... ########.###..
####..# #........# #..
#...## #..#
#.######.###.. #....#
#..# ##...#. #.#..# #..#
##.##. #.<..# #..# #.#..
#..#.# #..# #....


You could see Alork the orc apostle (divinely empowered) and a +6 trident of Res
Judicata {spect, *Slow Fly rF+}.

Vanquished Creatures
  Grinder (D:4)
  A black bear (D:4)
  An ogre (D:5)
  A bullfrog (D:6)
  3 scorpions (D:6)
  5 wights (D:6)
  An electric eel (D:6)
  3 bombardier beetles
  4 jellies
  3 hounds
  An orc priest (D:3)
  A sleepcap (D:6)
  Natasha (twice) (D:3)
  An iguana (D:5)
  An orc wizard (D:4)
  4 gnolls (D:4)
  3 river rats
  9 adders
  A white imp (D:5)
  4 dart slugs
  2 ribbon worms
  6 orcs
  7 ball pythons
  A bat (D:1)
  9 endoplasms
  9 giant cockroaches
  8 goblins
  6 hobgoblins
  4 quokkas
  3 frilled lizards
  3 kobolds
  26 rats
134 creatures vanquished.

Vanquished Creatures (others)
  A bombardier beetle (D:4)
  Natasha (D:3)
2 creatures vanquished.

Grand Total: 136 creatures vanquished

Notes
Turn   | Place    | Note
-------+----------+-------------------------------------------
     0 | D:1      | javelincjr the Mountain Dwarf Monk began the quest for the
                  | Orb.
     0 | D:1      | Reached XP level 1. HP: 19/19 MP: 1/1
   272 | D:1      | Reached XP level 2. HP: 8/26 MP: 2/2
   621 | D:1      | Reached skill level 1 in Armour
   717 | D:1      | Reached XP level 3. HP: 27/33 MP: 3/3
   749 | D:1      | Found Qaepnegila's General Store.
  1124 | D:2      | Reached skill level 4 in Fighting
  2064 | D:3      | Noticed Natasha
  2069 | D:3      | Killed Natasha
  2070 | D:3      | Reached XP level 4. HP: 30/41 MP: 4/4
  2239 | D:3      | Reached XP level 5. HP: 47/47 MP: 5/5
  2285 | D:3      | Noticed Natasha
  2287 | D:3      | Became a worshipper of Beogh the Shepherd
  2287 | D:3      | Reached * piety under Beogh
  2287 | D:3      | Reached ** piety under Beogh
  2290 | D:3      | Killed Natasha
  2504 | D:3      | Noticed Natasha
  2507 | D:3      | Killed Natasha
  2508 | D:3      | Reached skill level 5 in Fighting
  2574 | D:3      | You fall into a shaft and drop 2 floors!
  2574 | D:5      | Entered Level 5 of the Dungeon
  2758 | D:5      | Reached XP level 6. HP: 52/56 MP: 6/6
  2918 | D:5      | Reached skill level 5 in Axes
  3058 | D:4      | Noticed Grinder
  3061 | D:4      | Found Woupsag's Antique Armour Emporium.
  3094 | D:4      | Killed Grinder
  3095 | D:4      | Reached skill level 6 in Fighting
  3095 | D:4      | Reached XP level 7. HP: 29/63 MP: 7/7
  3456 | D:4      | Found a glowing drain.
  3460 | Sewer    | Entered a sewer
  3690 | Sewer    | Found a viscous altar of Jiyva.
  3770 | Sewer    | Reached skill level 7 in Fighting
  4583 | D:5      | Found a blossoming altar of Fedhas.
  4651 | D:4      | Bought a crude helmet for 256 gold pieces
  4651 | D:4      | Identified the +0 helmet "Qint" {rElec rCorr Str+3} (You
                  | bought it in a shop on level 4 of the Dungeon)
  4933 | D:5      | Found a shimmering blue altar of Sif Muna.
  5043 | D:6      | Reached XP level 8. HP: 61/73 MP: 8/8
  5657 | D:6      | Found a hazy altar of Hepliaklqana.
  5707 | D:6      | Reached skill level 8 in Fighting
  5714 | D:6      | Reached *** piety under Beogh
  5717 | D:6      | Reached skill level 5 in Armour
  5749 | D:6      | Identified the +6 trident of Res Judicata {spect, *Slow Fly
                  | rF+}
  5749 | D:6      | Noticed Alork
  5764 | D:6      | HP: 5/112 [Alork the orc apostle/the +6 trident of Res
                  | Judicata {spect, *Slow Fly rF+} (10)]
  5765 | D:6      | Slain by Alork the orc apostle

Illustrated notes

Levels and vault maps discovered:
D:1:      lemuel_arrival_cross, layout_basic, serial_shops, nicolae_shop_trees
D:2:      layout_basic
D:3:      layout_basic, minmay_rat_hole, uniq_natasha
D:4:      layout_loops_corners, gup_sewer_entry_spiral, serial_shops, shop,
          uniq_grinder
D:5:      dreamdust_elfheim, layout_basic, fedhas_altar_3,
          nicolae_sif_muna_little_library, kennysheep_generic_room_2
D:6:      layout_loops_ring, overflow_temple_1_default, serial_bayou_lake_a

Skill      XL: |  1  2  3  4  5  6  7  8 |
---------------+-------------------------+-----
Armour         | 1 2 3 4 5 |  5.1
Axes           | 4 5 6 |  6.9
Fighting       | 4 5 6 7 8 |  8.3
Dodging        | 3 4 |  4.3

Action                     |  1- 3 |  4- 6 |  7- 9 || total
---------------------------+-------+-------+-------++-------
  Melee: Hand axe          |    30 |       |       ||    30
         Dagger            |    62 |       |       ||    62
         War axe           |     3 |    71 |   164 ||   238
  Throw: Boomerang         |    13 |     6 |     2 ||    21
 Invoke: Convert to Beogh  |       |     1 |       ||     1
    Use: Scroll            |    11 |     2 |    11 ||    24
         Potion            |       |     1 |     1 ||     2
 Armour: Robe              |    18 |       |       ||    18
         Ring mail         |    28 |    46 |   106 ||   180
  Dodge: Dodged            |    50 |    52 |    74 ||   176

Table legend: (Time is in decaauts)
 A = Elapsed time spent in this place.
 B = Non-inter-level travel time spent in this place.
 C = Inter-level travel time spent in this place.
 D = Time resting spent in this place.
 E = Time spent auto-exploring this place.
 F = Levels seen in this place.
 G = Mean time per level.
                   A        B        C        D        E       F      G
               +--------+--------+--------+--------+--------+-----+--------+
         Total |   5885 |   5689 |    196 |    489 |   3760 |   7 |  840.7 |
       Dungeon |   5380 |   5184 |    196 |    388 |   3493 |   6 |  896.7 |
         Sewer |    504 |    504 |      0 |    101 |    266 |   1 |  504.0 |
               +--------+--------+--------+--------+--------+-----+--------+

Top non-repeatable levels by time:
     D:5: 1073 daAuts
     D:1: 1072 daAuts
     D:4: 967 daAuts
     D:2: 925 daAuts
     D:6: 745 daAuts
     D:3: 597 daAuts
   Sewer: 504 daAuts
